 Dungeon Crawl Stone Soup version 0.18-a0-1040-g4865665 (webtiles) character file.

155 Banto the Poker (level 5, -4/44 HPs)
             Began as a Centaur Warper on Jan 10, 2016.
             Killed by divine providence
             ... invoked by an orc priest
              (15 damage)
             ... on level 3 of the Dungeon.
             The game lasted 00:03:28 (2894 turns).

Banto the Poker (Centaur Warper)                    Turns: 2894, Time: 00:03:30

Health: -4/44      AC:  6    Str: 13    XL:     5   Next: 14%
Magic:  7/7        EV:  8    Int: 12    God:
Gold:   142        SH:  0    Dex: 10    Spells: 0 memorised, 7 levels left

rFire  . . .     SeeInvis .     a - +0 spear
rCold  . . .     Gourm    .     n - +0 ring mail (curse)
rNeg   . . .     Faith    .     (no shield)
rPois  +         Spirit   .     s - +0 helmet
rElec  .         Dismiss  .     (no cloak)
rCorr  .         Reflect  .     (no gloves)
SustAt .         Harm     .     (no barding)
MR     .....                    (no amulet)
Stlth  ..........               (no ring)
                                k - ring of poison resistance

@: very quick, not resistant to hostile enchantments, extremely unstealthy
A: hooves 3, deformed body, speed 2, tough skin 3
a: no special abilities


You were on level 3 of the Dungeon.
You were not hungry.

You visited 1 branch of the dungeon, and saw 3 of its levels.

You collected 142 gold pieces.

Inventory:

Hand Weapons
 a - a +0 spear (weapon)
Missiles
 b - 23 arrows
 e - 3 tomahawks of dispersal (quivered)
Armour
 n - a cursed +0 ring mail (worn)
 s - a +0 helmet (worn)
Jewellery
 k - a ring of poison resistance (left hand)
 r - a cursed ring of loudness {unknown}
Scrolls
 d - 5 scrolls of blinking
 l - a scroll of fear {unknown}
 o - a scroll of teleportation {unknown}
 p - a scroll of enchant weapon {unknown}
 u - a scroll of identify {unknown}
 w - a scroll of fog {unknown}
Potions
 g - a potion of lignification {unknown}
 h - 2 potions of heal wounds {unknown}
 j - 2 potions of haste {unknown}
 m - a potion of might {unknown}
 t - a potion of curing {unknown}
 v - a potion of agility {unknown}
Books
 c - a book of Spatial Translocations

   Spells                             Type                      Level
   a - Apportation                    Translocation                1
   b - Blink                          Translocation                2
   c - Shroud of Golubria             Charms/Translocation         2
   d - Portal Projectile              Translocation                3
   e - Teleport Other                 Translocation                3
   f - Passage of Golubria            Translocation                4
Comestibles
 f - 3 bread rations
 i - 2 meat rations
 q - 2 beef jerkies


   Skills:
 + Level 2.9 Fighting
 + Level 4.4 Polearms
 - Level 1.1 Throwing
 - Level 0.6 Armour
 - Level 1.3 Dodging
 - Level 1.5 Spellcasting
   Level 2.6 Translocations


You had 7 spell levels left.
You didn't know any spells.

Dungeon Overview and Level Annotations

Branches:
Dungeon (3/15)

Altars:
Ru
Trog
Xom


Innate Abilities, Weirdness & Mutations

You have hooves in place of feet.
Armour fits poorly on your strangely shaped body.
You cover ground very quickly.
You have extremely tough skin (AC +3).


Message History

You are too injured to fight recklessly!
You are too injured to fight recklessly!
Unknown command.
Throwing (i - inventory):
e - 5 tomahawks of dispersal (quivered)
Press: ? - help, Shift-Dir - straight line, f - orc priest
Aim: an orc priest, wearing a ring mail (heavily wounded)
You throw a tomahawk of dispersal.
The tomahawk of dispersal hits the orc priest but does no damage.
The orc priest is heavily wounded.
The orc priest closely misses you.
Throwing (i - inventory):
e - 4 tomahawks of dispersal (quivered)
Press: ? - help, Shift-Dir - straight line, f/p - orc priest
Aim: an orc priest, wearing a ring mail (heavily wounded)
You throw a tomahawk of dispersal.
The tomahawk of dispersal hits the orc priest.
The orc priest blinks!
The orc priest is heavily wounded.
The orc priest mumbles some strange prayers to Beogh against you.
Something smites you!
You die...

..##.###...............#
).........##.#####.###.#
#.##########.#####.###.#
#.# #...........# ..#
#######.###[# ..# #.#
#.# ..# ##.###.# #.#
#######...##.# #.#
#o...o@.#.##.# # #
#.#####...##.# #
######)# . #.# # #)# #
#g# #.# #g# #.##


You could see an orc priest and an orc.

Vanquished Creatures
  Ijyb (D:3)
  Terence (D:3)
  Robin (D:3)
  3 adders
  3 giant geckos
  4 orcs (D:3)
  4 giant cockroaches
  4 hobgoblins
  7 jackals
  5 kobolds
  A quokka (D:2)
  7 bats
  2 giant newts
  10 goblins (D:3)
  6 rats
59 creatures vanquished.

Notes
Turn   | Place    | Note
--------------------------------------------------------------
     0 | D:1      | Banto the Centaur Warper began the quest for the Orb.
     0 | D:1      | Reached XP level 1. HP: 17/17 MP: 3/3
   183 | D:1      | Found a shimmering altar of Xom.
   263 | D:1      | Reached XP level 2. HP: 16/24 MP: 4/4
   725 | D:2      | Reached skill level 3 in Polearms
   755 | D:2      | Reached XP level 3. HP: 9/29 MP: 5/5
  1063 | D:2      | Found a bloodstained altar of Trog.
  1605 | D:3      | Found a sacrificial altar of Ru.
  1650 | D:3      | Noticed Ijyb
  1664 | D:3      | Killed Ijyb
  1664 | D:3      | Reached skill level 4 in Polearms
  1664 | D:3      | Reached XP level 4. HP: 23/36 MP: 6/6
  1769 | D:3      | Noticed Terence
  1839 | D:3      | Killed Terence
  2178 | D:3      | Noticed Robin
  2317 | D:3      | Killed Robin
  2643 | D:3      | Reached XP level 5. HP: 38/42 MP: 7/7
  2894 | D:3      | Killed from afar by an orc priest

Vault maps used:
D:1:      dpeg_arrival_brainrot, st_stairs_8, xom_teletrap_fun
D:2:      old_standard_altar, first_bread, minivault_23, minmay_misc_feat_room,
          hangedman_abyss_or_decor_lesser_grid, st_stairs_9
D:3:      lemuel_crystal_altar, uniq_terence, uniq_crazy_yiuf_cottage,
          uniq_robin, uniq_iyjb

Action                   |  1- 3 |  4- 6 || total
-------------------------+-------+-------++-------
Melee: Spear             |   131 |   168 ||   299
Throw: Tomahawk          |       |     2 ||     2
  Use: Scroll            |     4 |       ||     4
  Eat: Chunk             |     1 |     4 ||     5
